 Dungeon Crawl Stone Soup version 0.28-a0-422-gd71735cc25 (webtiles) character file.

Game seed: 2919368717657584015

174 siradein the Magician (level 5, 0/28 HPs)
             Began as a Deep Elf Hedge Wizard on Sept 8, 2021.
             Killed from afar by an orc wizard (5 damage)
             ... with a puff of flame
             ... on level 3 of the Dungeon on Sept 9, 2021.
             The game lasted 00:09:08 (2934 turns).

siradein the Magician (Deep Elf Hedge Wizard)       Turns: 2934, Time: 00:09:08

Health: 0/28       AC:  2    Str:  7    XL:     5   Next: 28%
Magic:  6/14       EV: 12    Int: 20    God:
Gold:   66         SH:  5    Dex: 14    Spells: 1/14 levels left

rFire   . . .      SeeInvis .   h - +1 dagger (venom)
rCold   . . .      Faith    .   (no shield)
rNeg    + + .      Spirit   .   b - +0 robe
rPois   .          Reflect  +   c - +0 hat
rElec   .          Harm     .   (no cloak)
rCorr   .          Rampage  .   (no gloves)
Will    .....                   (no boots)
Stlth   ++........              m - amulet of reflection
HPRegen 0.09/turn               d - ring of positive energy
MPRegen 0.14/turn               i - ring of positive energy

@: no status effects
A: no striking features
a: no special abilities


You were on level 3 of the Dungeon.
You visited 1 branch of the dungeon, and saw 5 of its levels.

You collected 66 gold pieces.

Inventory:

Hand Weapons
 h - a +1 dagger of venom (weapon)
Armour
 b - a +0 robe (worn)
 c - a +0 hat (worn)
Jewellery
 d - a ring of positive energy (left hand)
 i - a ring of positive energy (right hand)
 m - an amulet of reflection (around neck)
 n - a ring of positive energy
Scrolls
 a - 2 scrolls of amnesia {unknown}
 e - 2 scrolls of teleportation {unknown}
 f - a scroll of vulnerability {unknown}
 g - a scroll of identify {unknown}
 j - a scroll of enchant armour {unknown}
 l - a scroll of blinking {unknown}
Potions
 k - a potion of attraction {unknown}


   Skills:
 - Level 2.4 Dodging
 - Level 2.4 Stealth
 + Level 5.3 Spellcasting
 + Level 2.6 Conjurations
 + Level 1.0 Hexes
 + Level 2.6 Summonings
 + Level 2.7 Translocations
 + Level 0.7 Fire Magic
 + Level 0.8 Air Magic
 + Level 1.0 Poison Magic


You had one spell level left.
You knew the following spells:

 Your Spells              Type           Power      Damage    Failure   Level
a - Magic Dart            Conj           64%        1d6       3%          1
b - Blink                 Tloc           N/A        N/A       5%          2
c - Call Imp              Summ           16%        N/A       5%          2
d - Slow                  Hex            9%         N/A       11%         2
e - Conjure Flame         Conj/Fire      12%        6-21      17%         3
f - Mephitic Cloud        Conj/Pois/Air  11%        N/A       19%         3

Your spell library contained the following spells:

 Spells                   Type           Power      Damage    Failure   Level


Dungeon Overview and Level Annotations

Branches:
Dungeon (5/15)
 Temple: D:4-7

Altars:
Ru
Sif Muna

Shops:
D:1 (   D:2 :

Annotations:
D:3 2 runed translucent doors


Message History

g - Guard the area. f - Follow me.
Anything else - Cancel.
Gang up on whom?
Press: ? - help, Dir - move target, f/p - orc wizard
Aim: an orc wizard, wielding a +0 dagger and wearing a +0 robe (moderately wounded, ally target) Attack!
The orc wizard hits your crimson imp but does no damage.
Your crimson imp misses the orc wizard.
The orc wizard hits your crimson imp with a +0 dagger.
Your crimson imp closely misses the orc wizard.
The orc wizard barely misses your crimson imp.
Your crimson imp blinks!
Casting: Call Imp (safe; 5% risk of failure)
Confirm with . or Enter, or press ? or * to list all spells.
A beastly little devil appears in a puff of frigid air.
You swap places.
The orc wizard hits your white imp but does no damage.
Your white imp barely misses the orc wizard.
Your white imp closely misses the orc wizard.
The orc wizard hits your white imp but does no damage.
Your white imp hits the orc wizard.
Your white imp freezes the orc wizard.
The orc wizard mumbles some strange words.
The orc wizard flickers and vanishes!
Deactivating autopickup; reactivate with Ctrl-A.
Something hits your white imp.
You hear some strange, mumbled words.
A puff of flame appears from out of thin air!
The puff of flame hits your white imp!
Your white imp is burned terribly!
Your white imp dies!
Your white imp disappears in a puff of smoke!
Casting: Call Imp (safe; 5% risk of failure)
Confirm with . or Enter, or press ? or * to list all spells.
A beastly little devil appears in a puff of flame.
Something hits you.
* * * LOW HITPOINT WARNING * * *
Your crimson imp hits something.
A puff of flame appears from out of thin air!
The puff of flame hits you.
You die...

.##.. ####.# #
.#### ##....##.#
.# ##.......# .#
#......#### .#
#.........# ##
#.......### +
##.....)#### #
+.(###...>....##.#
#.(.....@........#
#.####...####.####
##.## #.# #{# #)#
#5# #†# ####+
#.#####.# ≈§..#
#.......# ≈§_.#
#.####### §§..#
........#


You could see a friendly crimson imp (summoned).

Vanquished Creatures
  A centaur skeleton (D:3)
  4 adders (D:2)
  A shadow imp (D:3)
  4 ball pythons
  4 endoplasms
  2 giant cockroaches (D:1)
  5 goblins
  7 hobgoblins
  3 quokkas
  3 bats
  3 frilled lizards
  4 kobolds
  7 rats
48 creatures vanquished.

Vanquished Creatures (collateral kills)
  2 orc wizards
  An orc (D:3)
  A ball python (D:3)
4 creatures vanquished.

Grand Total: 52 creatures vanquished

Notes
Turn   | Place    | Note
-------+----------+-------------------------------------------
     0 | D:1      | siradein the Deep Elf Hedge Wizard began the quest for the
                  | Orb.
     0 | D:1      | Reached XP level 1. HP: 10/10 MP: 7/7
   284 | D:1      | Reached XP level 2. HP: 15/15 MP: 2/9
   389 | D:1      | Found Kumybihu's Antique Weapon Shop.
   444 | D:1      | Learned a level 2 spell: Blink
   447 | D:1      | Learned a level 2 spell: Call Imp
   450 | D:1      | Learned a level 2 spell: Slow
  1320 | D:2      | Reached XP level 3. HP: 10/19 MP: 7/11
  1563 | D:2      | Reached skill level 5 in Spellcasting
  2108 | D:2      | Found Vuot's Book Boutique.
  2113 | D:2      | Reached XP level 4. HP: 24/24 MP: 9/13
  2156 | D:2      | Learned a level 3 spell: Conjure Flame
  2160 | D:2      | Learned a level 3 spell: Mephitic Cloud
  2333 | D:3      | Found a sacrificial altar of Ru.
  2334 | D:3      | Found a shimmering blue altar of Sif Muna.
  2757 | D:3      | You fall into a shaft and drop 2 floors!
  2757 | D:5      | Entered Level 5 of the Dungeon
  2762 | D:5      | Reached XP level 5. HP: 28/28 MP: 7/14
  2879 | D:3      | Reached skill level 1 in Hexes
  2879 | D:3      | Reached skill level 1 in Poison Magic
  2886 | D:3      | Found a runed translucent gate.
  2933 | D:3      | Found a runed translucent gate.
  2934 | D:3      | Killed from afar by an orc wizard

Illustrated notes

Levels and vault maps discovered:
D:1:      wheals_arrival_shading, layout_basic, serial_shops, shop
D:2:      layout_basic, serial_shops, shop, due_unseen_surprise
D:3:      layout_loops_ring, mainiacjoe_overflow_brackets,
          mainiacjoe_overflow_divided_tiny, chequers_ecumenical_altar_twisty,
          gammafunk_ghost_necromancy
D:4:      layout_cave_pools, hangedman_feature_mirror, moated_statue,
          minmay_misc_feat_chi, moated_statue, chequers_serial_rivers_room_b
D:5:      layout_cave_pools, minmay_overflow_temple_star_quad

Skill      XL: |  1  2  3  4  5 |
---------------+----------------+-----
Translocations | 2 |  2.7
Conjurations   | 2 |  2.6
Summonings     | 2 |  2.6
Spellcasting   | 5 |  5.3
Hexes          | 1 |  1.0
Poison Magic   | 1 |  1.0
Dodging        | |  2.4
Stealth        | |  2.4
Fire Magic     | |  0.7
Air Magic      | |  0.8

Action                   |  1- 3 |  4- 6 || total
-------------------------+-------+-------++-------
Melee: Dagger            |    33 |     1 ||    34
 Cast: Magic Dart        |    95 |    38 ||   133
       Call Imp          |       |     9 ||     9
       Mephitic Cloud    |       |     1 ||     1
 Stab: Sleeping          |     2 |     1 ||     3
Armor: Robe              |    10 |     4 ||    14
Dodge: Dodged            |    30 |    11 ||    41
Block: Other             |       |     3 ||     3
       Reflection        |       |     2 ||     2

Table legend: (Time is in decaauts)
 A = Elapsed time spent in this place.
 B = Non-inter-level travel time spent in this place.
 C = Inter-level travel time spent in this place.
 D = Time resting spent in this place.
 E = Time spent auto-exploring this place.
 F = Levels seen in this place.
 G = Mean time per level.
                   A        B        C        D        E       F      G
               +--------+--------+--------+--------+--------+-----+--------+
         Total |   2932 |   2884 |     48 |      0 |   2400 |   5 |  586.4 |
       Dungeon |   2932 |   2884 |     48 |      0 |   2400 |   5 |  586.4 |
               +--------+--------+--------+--------+--------+-----+--------+

Top non-repeatable levels by time:
     D:1: 1220 daAuts
     D:2: 1105 daAuts
     D:3: 572 daAuts
     D:4: 20 daAuts
     D:5: 13 daAuts
